 Dungeon Crawl Stone Soup version 0.17.0-7-gfadd4cc (webtiles) character file.

3700 tp1 the Arsonist (level 9, -2/49 HPs)
             Began as a Deep Elf Conjurer on Nov 8, 2015.
             Was a Believer of Vehumet.
             Slain by an unseen horror (7 damage)
             ... on level 8 of the Dungeon.
             The game lasted 00:41:07 (7712 turns).

tp1 the Arsonist (Deep Elf Conjurer)                Turns: 7712, Time: 00:41:07

Health: -2/49      AC: 14    Str:  5    XL:     9   Next: 91%
Magic:  5/20       EV: 13    Int: 26    God:    Vehumet [**....]
Gold:   389        SH:  0    Dex: 15    Spells: 5 memorised, 9 levels left

rFire  . . .     SeeInvis .     r - +2 flail (protect)
rCold  . . .     Clarity  .     y - +2 robe {rN+}
rNeg   + . .     SustAt   .     (no shield)
rPois  +         Gourm    .     f - +0 helmet
rElec  .         Spirit   .     (no cloak)
rCorr  .         Warding  .     x - +2 pair of gloves
rMut   .         Stasis   .     (no boots)
MR     .....                    (no amulet)
Stlth  ++........               (no ring)
                                C - ring of poison resistance

@: very slightly contaminated, hasted, very quick, not resistant to hostile
enchantments, unstealthy
A: clever 1, regeneration 1, robust 1, shaggy fur 1, spit poison 1, wild magic 1
a: Spit Poison, Renounce Religion


You were on level 8 of the Dungeon.
You worshipped Vehumet.
Vehumet was pleased with you.
You were not hungry.

You visited 2 branches of the dungeon, and saw 9 of its levels.

You collected 389 gold pieces.

Inventory:

Hand Weapons
 r - a +2 flail of protection (weapon)
 s - a +3 dagger of venom
Armour
 f - a +0 helmet (worn)
 x - a +2 pair of gloves (worn)
 y - a +2 robe of positive energy (worn)
Jewellery
 C - a ring of poison resistance (left hand)
Wands
 a - a wand of lightning (10)
 t - a wand of flame (28)
 E - a wand of lightning (6)
 F - a wand of random effects (11)
Scrolls
 d - 2 scrolls of fear
 i - 2 scrolls of immolation {unknown}
 k - a scroll of teleportation
 n - 2 scrolls of fog
 u - a scroll of enchant armour {unknown}
 A - 3 scrolls of remove curse {unknown}
Potions
 e - a potion of poison {unknown}
 h - 4 potions of curing
 o - 3 potions of ambrosia
 p - a potion of brilliance
 z - a potion of cancellation {unknown}
 G - a potion of agility
 H - 2 potions of invisibility {unknown}
 K - a potion of degeneration {unknown}
Books
 b - a book of Conjurations

   Spells                             Type                      Level
   a - Magic Dart                     Conjuration                  1
   b - Searing Ray                    Conjuration                  2
   c - Dazzling Spray                 Conjuration/Hexes            3
   d - Fulminant Prism                Conjuration/Hexes            4
   e - Iskenderun's Mystic Blast      Conjuration                  4
   f - Iskenderun's Battlesphere      Conjuration/Charms           5
 v - a book of Envenomations

   Spells                             Type                      Level
   a - Spider Form                    Transmutation/Poison         3
   b - Alistair's Intoxication        Transmutation/Poison         4
   c - Olgreb's Toxic Radiance        Poison                       4
   d - Poisonous Cloud                Conjuration/Poison/Air       6
 I - a book of Alchemy

   Spells                             Type                      Level
   a - Sublimation of Blood           Necromancy                   2
   b - Ignite Poison                  Fire/Transmutation/Poison    3
   c - Alistair's Intoxication        Transmutation/Poison         4
   d - Condensation Shield            Ice                          4
   e - Petrify                        Transmutation/Earth          4
   f - Irradiate                      Conjuration/Transmutation    5
 J - a book of Fire

   Spells                             Type                      Level
   a - Ignite Poison                  Fire/Transmutation/Poison    3
   b - Fireball                       Conjuration/Fire             5
   c - Bolt of Fire                   Conjuration/Fire             6
   d - Delayed Fireball               Conjuration/Fire             7
   e - Ring of Flames                 Charms/Fire                  7
Miscellaneous
 B - a plain deck of defence
Comestibles
 c - 4 bread rations
 j - a royal jelly
 l - 2 meat rations
 q - 3 beef jerkies
 w - 3 fruits
 D - 8 slices of pizza


   Skills:
 - Level 2.4 Dodging
 - Level 2.4 Stealth
 - Level 6.2 Spellcasting
 - Level 9.1 Conjurations
 - Level 8.0 Charms
 + Level 2.1 Necromancy
 - Level 10.6 Fire Magic


You had 9 spell levels left.
You knew the following spells:

 Your Spells              Type           Power        Failure   Level  Hunger
a - Magic Dart            Conj           ####         1%          1    None
b - Searing Ray           Conj           ######       1%          2    None
c - Flame Tongue          Conj/Fire      #####        1%          1    None
d - Iskenderun's Battles  Conj/Chrm      ######..     16%         5    #####..
e - Sublimation of Blood  Necr           ####......   11%         2    None


Dungeon Overview and Level Annotations

Branches:
Dungeon (8/15)             Temple (1/1) D:4
   Lair: D:8-11

Altars:
Cheibriados
Dithmenos
Elyvilon
Fedhas
Gozag
Makhleb
Nemelex Xobeh
Okawaru
Qazlal
Ru
Sif Muna
Trog
Vehumet
Xom
Yredelemnul
The Shining One

Shops:
D:5 :


Innate Abilities, Weirdness & Mutations

Your mind is acute. (Int +2)
Your natural rate of healing is unusually fast.
You are robust (+10% HP).
You are covered in fur (AC +1).
You can spit weak poison.
Your spells are a little harder to cast, but a little more powerful.


Message History

* * * LOW HITPOINT WARNING * * *
The searing ray hits something.
Something hits you but does no damage.
Drink which item? (? for menu, Esc to quit)
You feel yourself speed up.
You are very lightly contaminated with residual magic.
Something hits you but does no damage. Something hits you but does no damage.
Something hits you.
You open the door. Something hits you.
Found a trident.
There is an open door here.
You see here a trident.
Something completely misses you.
Found a robe.
Something hits you but does no damage. Something hits you but does no damage.
Something hits you!
* * * LOW HITPOINT WARNING * * *
Something hits you!
You die...

# #.#.# #+## #. #...#
##...##
#.###..######.....##
#.....[...##.....?.##
#......##.#....?.(..##
#......).'.........+.
#.#...##.#.........##
##.###.##.......## #@#
#.###.......## #.# #.#
##........ ... ..#
#..._...#
##.#########......#
#.# #........## #.#
#.##.#.#### #.# #
#.)...### #.#
#......#...
#.#...###.#


There were no monsters in sight!

Vanquished Creatures
  Pikel (D:6)
  Prince Ribbit (D:7)
  A yak (D:8)
  A human (D:7)
  2 sky beasts (D:5)
  2 slaves (D:6)
  An ogre (D:5)
  An ice beast (D:7)
  3 orc warriors (D:6)
  A black bear (D:7)
  2 centaurs
  A phantom (D:6)
  Blork the orc (D:4)
  2 giant frogs (D:6)
  A scorpion (D:4)
  6 killer bees (D:7)
  3 wights (D:7)
  3 crimson imps
  A giant frog zombie (D:7)
  A centaur zombie (D:7)
  A jelly (D:5)
  6 orc priests
  2 giant frog skeletons (D:7)
  3 orc wizards
  Crazy Yiuf (D:2)
  A gnoll shaman (D:5)
  Ijyb (D:2)
  A centaur skeleton (D:6)
  A hound (D:4)
  5 worker ants
  Natasha (thrice) (D:3)
  An iguana (D:4)
  3 sheep (D:7)
  6 adders
  7 gnolls
  2 oozes
  An adder zombie (D:5)
  5 worms
  2 giant geckos
  28 orcs
  A ball python (D:6)
  4 bats (D:2)
  6 giant cockroaches
  6 hobgoblins
  3 quokkas
  A giant gecko skeleton (D:4)
  2 giant newts
  12 goblins
  14 jackals
  A jackal skeleton (D:4)
  5 kobolds
  11 rats
181 creatures vanquished.

Vanquished Creatures (others)
  A slave (D:6)
  A worker ant (D:6)
  7 toadstools (D:1)
9 creatures vanquished.

Grand Total: 190 creatures vanquished

Notes
Turn   | Place    | Note
--------------------------------------------------------------
     0 | D:1      | tp1 the Deep Elf Conjurer began the quest for the Orb.
     0 | D:1      | Reached XP level 1. HP: 10/10 MP: 6/6
   407 | D:1      | Reached XP level 2. HP: 15/15 MP: 6/8
   523 | D:1      | Learned a level 2 spell: Searing Ray
   954 | D:2      | Found a basalt altar of Yredelemnul.
  1055 | D:2      | Reached XP level 3. HP: 19/19 MP: 4/11
  1104 | D:2      | Noticed Crazy Yiuf
  1110 | D:2      | Killed Crazy Yiuf
  1110 | D:2      | Reached skill level 5 in Spellcasting
  1178 | D:2      | Noticed Ijyb
  1186 | D:2      | Killed Ijyb
  1186 | D:2      | Reached skill level 6 in Spellcasting
  1186 | D:2      | Reached XP level 4. HP: 22/24 MP: 5/14
  1273 | D:2      | Found a white marble altar of Elyvilon.
  1675 | D:3      | Noticed Natasha
  1679 | D:3      | Killed Natasha
  1679 | D:3      | Reached skill level 5 in Conjurations
  1700 | D:3      | Reached XP level 5. HP: 28/28 MP: 5/15
  2038 | D:3      | Noticed Natasha
  2039 | D:3      | Learned a level 5 spell: Iskenderun's Battlesphere
  2041 | D:3      | Killed Natasha
  2130 | D:3      | Noticed Natasha
  2130 | D:3      | Killed Natasha
  2868 | D:4      | Noticed Blork the orc
  2880 | D:4      | Killed Blork the orc
  2880 | D:4      | Reached XP level 6. HP: 13/32 MP: 1/17
  3269 | D:4      | Reached skill level 5 in Charms
  3412 | D:4      | Found a staircase to the Ecumenical Temple.
  3418 | Temple   | Entered the Ecumenical Temple
  3425 | Temple   | Became a worshipper of Vehumet
  4244 | D:4      | Found a sacrificial altar of Ru.
  4326 | D:4      | Reached XP level 7. HP: 36/36 MP: 10/18
  4516 | D:5      | Entered Level 5 of the Dungeon
  4520 | D:5      | Reached skill level 7 in Charms
  4531 | D:5      | Reached skill level 8 in Charms
  4644 | D:5      | Found a snail-covered altar of Cheibriados.
  4799 | D:5      | Found Yteq's Book Shop.
  4805 | D:5      | Reached * piety under Vehumet
  4805 | D:5      | Offered knowledge of Flame Tongue by Vehumet.
  4808 | D:5      | Learned a level 1 spell: Flame Tongue
  5037 | D:5      | Reached XP level 8. HP: 41/41 MP: 11/19
  5043 | D:5      | Gained mutation: You can spit weak poison. [mutagenic meat]
  5044 | D:5      | Gained mutation: Your spells are a little harder to cast, but a little more powerful. [mutagenic meat]
  5045 | D:5      | Gained mutation: You are covered in fur (AC +1). [mutagenic meat]
  5046 | D:5      | Gained mutation: Your mind is acute. (Int +2) [mutagenic meat]
  5047 | D:5      | Gained mutation: Your natural rate of healing is unusually fast. [mutagenic meat]
  5108 | D:5      | Found a sparkling altar of Nemelex Xobeh.
  5692 | D:6      | Reached skill level 9 in Conjurations
  5751 | D:6      | Reached skill level 1 in Fire Magic
  6034 | D:6      | Noticed Pikel
  6058 | D:6      | Killed Pikel
  6058 | D:6      | Reached XP level 9. HP: 36/45 MP: 0/20
  6322 | D:6      | Offered knowledge of Freeze by Vehumet.
  6472 | D:6      | Reached ** piety under Vehumet
  6851 | D:7      | Noticed Prince Ribbit
  7021 | D:7      | Reached skill level 10 in Fire Magic
  7035 | D:7      | Offered knowledge of Throw Frost by Vehumet.
  7039 | D:7      | Killed Prince Ribbit
  7077 | D:7      | Learned a level 2 spell: Sublimation of Blood
  7207 | D:7      | Reached skill level 1 in Necromancy
  7408 | D:7      | Gained mutation: You are robust (+10% HP). [potion of beneficial mutation]
  7641 | D:8      | Found a bloodstained altar of Trog.
  7641 | D:8      | Found a shimmering altar of Xom.
  7641 | D:8      | Found a stormy altar of Qazlal.
  7657 | D:8      | Found a sparkling altar of Nemelex Xobeh.
  7712 | D:8      | Slain by an unseen horror

Action                   |  1- 3 |  4- 6 |  7- 9 || total
-------------------------+-------+-------+-------++-------
Melee: Unarmed           |     1 |       |       ||     1
       Dagger            |       |    15 |    13 ||    28
       Flail             |       |       |    13 ||    13
 Cast: Magic Dart        |    50 |   107 |   119 ||   276
       Searing Ray       |     4 |    18 |    21 ||    43
       Iskenderun's Batt |       |     4 |    28 ||    32
  Use: Scroll            |       |       |    13 ||    13
       Potion            |       |       |     3 ||     3
  Eat: Chunk             |     1 |    10 |    20 ||    31
       Fruit             |       |       |     2 ||     2
       Bread ration      |       |       |     1 ||     1
